 Dungeon Crawl Stone Soup version 0.17-a0-1718-g72dbe4d (webtiles) character file.

18476 kroki the Cleaver (level 12, -30/159 HPs)
             Began as a Centaur Berserker on Aug 24, 2015.
             Was a High Priest of Trog.
             Annihilated by a minotaur
             ... wielding a +2 rod of clouds (7/13)
              (32 damage)
             ... in a labyrinth.
             The game lasted 00:24:11 (14419 turns).

kroki the Cleaver (Centaur Berserker)              Turns: 14419, Time: 00:24:11

Health: -30/159    AC: 16    Str: 26    XL:     12   Next: 28%
Magic:  12/12      EV:  9    Int:  6    God:    Trog [*****.]
Gold:   526        SH:  0    Dex: 13    Spells: 0 memorised, 11 levels left

rFire  + + .     SeeInvis .     c - +3 battleaxe (chop) {god gift}
rCold  . . .     Clarity  .     a - +4 ring mail of the Jabberwock {rF++ Dex-2}
rNeg   . . .     SustAt   .     (no shield)
rPois  .         Gourm    .     g - +2 hat
rElec  .         Spirit   .     v - +1 cloak
rCorr  .         Warding  .     l - +0 pair of gloves
rMut   .         Stasis   .     (no barding)
MR     +....                    C - amulet of regeneration
Stlth  ..........               H - ring of protection from magic
                                f - +2 ring of strength

@: berserking (expiring), very quick, somewhat resistant to hostile
enchantments, extremely unstealthy
A: hooves 3, deformed body, speed 2, tough skin 3
a: Burn Spellbooks, Berserk, Trog's Hand, Brothers in Arms, Renounce Religion


You were in a labyrinth.
You worshipped Trog.
Trog was extremely pleased with you.
You were not hungry.

You visited 3 branches of the dungeon, and saw 14 of its levels.
You also visited: Labyrinth.

You collected 526 gold pieces.

Inventory:

Hand weapons
 c - a +3 battleaxe of chopping (weapon) {god gift}
   (Trog gifted it to you on level 3 of the Lair of Beasts)
 m - a +0 war axe
   (You took it off an orc on level 4 of the Dungeon)
 F - the +6 long sword of Luem {freeze, -Tele +Inv MR+ Str+8}
   (You found it on level 8 of the Dungeon)

   It has been specially enchanted to freeze those struck by it, causing extra
   injury to most foes and up to half again as much damage against particularly
   susceptible opponents.
   It can also slow down cold-blooded creatures.
   It affects your strength (+8).
   It affects your resistance to hostile enchantments.
   It lets you turn invisible.
   It prevents most forms of teleportation.
 K - a +1 antimagic battleaxe {god gift}
   (Trog gifted it to you on level 9 of the Dungeon)
 L - the cursed +0 short sword "Orb Guardian's Curse" {pierce, rElec rPois Str-5 Int+3, unknown}
   (You found it in a labyrinth)

   It inflicts extra damage upon your enemies.
   It affects your strength (-5).
   It affects your intelligence (+3).
   It insulates you from electricity.
   It protects you from poison.
   It has a curse placed upon it.
Armour
 a - the +4 ring mail of the Jabberwock (worn) {rF++ Dex-2}
   (You found it on level 6 of the Dungeon)

   It affects your dexterity (-2).
   It greatly protects you from fire.
 g - a +2 hat (worn)
   (You found it on level 7 of the Dungeon)
 l - a +0 pair of gloves (worn)
   (You found it on level 2 of the Dungeon)
 v - a +1 cloak (worn)
   (You found it on level 6 of the Dungeon)
Jewellery
 f - a +2 ring of strength (left hand)
   (You found it on level 1 of the Dungeon)
 j - a +4 ring of intelligence
   (You found it on level 1 of the Dungeon)
 s - an uncursed ring of flight
   (You found it on level 3 of the Lair of Beasts)
 x - an uncursed ring of sustain attributes
   (You found it on level 5 of the Dungeon)
 C - an amulet of regeneration (around neck)
   (You found it on level 8 of the Dungeon)
 H - a ring of protection from magic (right hand)
   (You found it on level 8 of the Dungeon)
 N - an uncursed ring of fire
   (You found it on level 1 of the Lair of Beasts)
Magical devices
 w - a wand of flame (9)
   (You took it off Crazy Yiuf on level 7 of the Dungeon)
 y - a wand of confusion (25)
   (You took it off Edmund on level 6 of the Dungeon)
 D - a wand of frost (24)
   (You found it on level 7 of the Dungeon)
 M - a wand of confusion (26)
   (You found it on level 3 of the Lair of Beasts)
 O - a wand of random effects (26)
   (You found it on level 1 of the Lair of Beasts)
 P - a wand of fireball (6)
   (You found it on level 3 of the Lair of Beasts)
Scrolls
 b - a scroll of fog
 o - a scroll of recharging
 r - a scroll of magic mapping
 u - a scroll of teleportation
 B - 3 scrolls of blinking
 I - a scroll of fear
Potions
 d - a potion of haste
 e - 2 potions of might
 h - a potion of invisibility
 k - a potion of cure mutation
 n - 2 potions of mutation
 q - 3 potions of heal wounds
 t - 5 potions of curing
 z - 4 potions of degeneration {unknown}
 A - a potion of brilliance {unknown}
 E - 4 potions of flight {unknown}
 J - 2 potions of poison {unknown}
Comestibles
 i - 7 meat rations
 p - 19 fruits
 G - 7 slices of pizza
 Q - a beef jerky


   Skills:
 + Level 10.2 Fighting
 + Level 13.7 Axes
 + Level 7.7 Armour
 - Level 1.3 Dodging


You had 11 spell levels left.
You didn't know any spells.

Dungeon Overview and Level Annotations

Branches:
Dungeon (9/15)             Temple (0/1) D:5            Lair (4/8) D:8
 Spider (1/4) Lair:3
  Swamp: Lair:3-6    Shoals: Lair:3-6       Orc: D:9-12

Altars:
Fedhas
The Shining One


Innate Abilities, Weirdness & Mutations

You have hooves in place of feet.
Armour fits poorly on your strangely shaped body.
You cover ground very quickly.
You have extremely tough skin (AC +3).


Message History

The basilisk closely misses you.
You hit the basilisk. You kick the basilisk.
The basilisk is heavily wounded.
The basilisk bites you but does no damage.
You hit the basilisk.
You kick the basilisk, but do no damage.
The basilisk is severely wounded.
The basilisk gazes at you. You resist with almost no effort.
You closely miss the basilisk.
You kick the basilisk, but do no damage.
The basilisk is severely wounded.
The basilisk gazes at you. You resist with almost no effort.
You slash the basilisk!
You kill the basilisk!
Trog accepts your kill.
L - a faintly glowing short sword You see here a basilisk corpse.
You hear the creaking of ancient gears!
A minotaur comes into view. It is wielding a rod of clouds.
The minotaur bellows!
Use which ability? (? or * to list)
A red film seems to cover your vision as you go berserk!
You feel yourself moving faster!
You feel mighty!
You feel somewhat more hungry.
The minotaur zaps a rod.
The minotaur creates a blast of flame!
Unknown command.
You feel a strong urge to attack something.
You are engulfed in roaring flames.
You resist.
The minotaur hits you with a rod of clouds!!
The minotaur goes berserk!
The minotaur gores you!
Unknown command.
You slash the minotaur! You kick the minotaur!
The minotaur is moderately wounded.
You are engulfed in roaring flames.
You resist.
The minotaur hits you with a rod of clouds.
The minotaur gores you!
You hit the minotaur. Your kick misses the minotaur.
The minotaur is moderately wounded.
You are engulfed in roaring flames.
You resist.
Unknown command.
You slice the minotaur!!
The minotaur is heavily wounded.
You are engulfed in roaring flames.
You resist.
The minotaur hits you with a rod of clouds!!
The minotaur gores you!
You hit the minotaur.
You kick the minotaur, but do no damage.
The minotaur is heavily wounded.
You are engulfed in roaring flames.
You resist.
The minotaur hits you with a rod of clouds!!!
* * * LOW HITPOINT WARNING * * *
The minotaur gores you!
* * * LOW HITPOINT WARNING * * *
You are engulfed in roaring flames.
You resist.
* * * LOW HITPOINT WARNING * * *
The minotaur rages.
You feel a strong urge to attack something.
You are engulfed in roaring flames.
You resist.
* * * LOW HITPOINT WARNING * * *
The minotaur is engulfed in roaring flames.
The minotaur hits you with a rod of clouds!!
You die...

.# .# .# # # .
.#. ..#.# .. ##.
# . . .. .# #
.### ## #.# ## .
..#..........#.
. . . # ..#
########.#.# . #
..#.#....H0#. .
#
.#.####@#.#####
# .. . .# #.#
... #.##
#.######.#.#.###
. . . #.
.....#.. . #
##..# ####
###.##### ...
.#.
.............. .
##.# # # ...###
# ####. # . # #.
.#### .# ###


You could see a minotaur (berserk).

Vanquished Creatures
  Fannar (Lair:2)
  A queen ant (Lair:2)
  Nergalle (Lair:3)
  The ghost of George the Thaumaturge, an experienced DECj of Vehumet (D:7)
  4 spiny frogs
  2 komodo dragons
  A troll (D:8)
  10 blink frogs (Lair:2)
  2 jumping spiders (Lair:3)
  Sigmund (D:2)
  12 yaks
  4 basilisks (Lab)
  3 hippogriffs
  14 wolves
  Edmund (D:6)
  5 soldier ants (Lair:2)
  4 porcupines
  5 water moccasins
  2 phantoms
  3 orc warriors (D:8)
  2 spiders (Lair:3)
  5 ice beasts
  3 ogres
  5 crocodiles
  6 big kobolds
  6 giant frogs
  3 centaurs
  A gnoll sergeant (D:8)
  2 scorpions
  4 killer bees (D:7)
  4 electric eels (D:8)
  6 crimson imps
  An orc priest (D:5)
  2 giant frog zombies
  6 hounds
  A jelly (D:6)
  2 centaur zombies
  2 giant frog skeletons
  5 orc wizards
  Crazy Yiuf (D:7)
  2 iguanas
  25 worker ants
  6 sheep
  A hound zombie (D:5)
  4 hound skeletons
  2 worker ant zombies
  14 gnolls
  9 adders
  63 river rats
  A shadow imp (D:5)
  An ooze (D:3)
  3 worms (D:3)
  2 adder zombies (D:6)
  2 giant geckos
  18 orcs
  3 ball pythons
  7 giant cockroaches
  25 goblins
  23 hobgoblins
  4 jackals (D:8)
  3 quokkas
  8 bats
  2 giant gecko skeletons (D:4)
  4 giant newts
  A jackal zombie (D:8)
  11 kobolds
  A quokka skeleton (D:8)
  5 rats
  A fungus (Lair:2)
  A plant (D:1)
396 creatures vanquished.

Vanquished Creatures (others)
  4 fungi
  A plant (D:1)
5 creatures vanquished.

Grand Total: 401 creatures vanquished

Notes
Turn   | Place    | Note
--------------------------------------------------------------
     0 | D:1      | kroki the Centaur Berserker began the quest for the Orb.
     0 | D:1      | Reached XP level 1. HP: 19/19 MP: 1/1
   342 | D:1      | Reached skill level 3 in Axes
   689 | D:1      | Reached XP level 2. HP: 24/26 MP: 2/2
  1273 | D:2      | Reached XP level 3. HP: 26/31 MP: 3/3
  1284 | D:2      | Noticed Sigmund
  1290 | D:2      | Killed Sigmund
  1290 | D:2      | Reached skill level 5 in Axes
  1290 | D:2      | Reached XP level 4. HP: 29/38 MP: 4/4
  1290 | D:2      | Reached XP level 5. HP: 34/45 MP: 5/5
  1817 | D:3      | Acquired Trog's second power
  1988 | D:3      | Reached skill level 6 in Axes
  2067 | D:3      | Reached XP level 6. HP: 51/51 MP: 6/6
  2173 | D:3      | Reached skill level 7 in Axes
  2345 | D:3      | Reached XP level 7. HP: 29/57 MP: 7/7
  3222 | D:4      | Reached skill level 8 in Axes
  3325 | D:4      | Acquired Trog's third power
  4062 | D:5      | Entered Level 5 of the Dungeon
  4383 | D:5      | Reached skill level 9 in Axes
  4383 | D:5      | Reached XP level 8. HP: 59/63 MP: 8/8
  5168 | D:5      | Found a staircase to the Ecumenical Temple.
  5388 | D:5      | Reached skill level 10 in Axes
  6181 | D:6      | Noticed Edmund
  6200 | D:6      | Killed Edmund
  6395 | D:6      | Reached skill level 11 in Axes
  6456 | D:6      | Got a scorched ring mail
  6470 | D:6      | Identified the +4 ring mail of the Jabberwock {rF++ Dex-2} (You found it on level 6 of the Dungeon)
  6477 | D:6      | Reached XP level 9. HP: 69/69 MP: 9/9
  6772 | D:7      | Noticed George's ghost (experienced DECj)
  6797 | D:7      | Killed George's ghost
  6797 | D:7      | Reached skill level 4 in Fighting
  6797 | D:7      | Reached skill level 2 in Armour
  7351 | D:7      | Reached skill level 3 in Armour
  7809 | D:7      | Reached skill level 5 in Fighting
  7926 | D:7      | Found a glowing golden altar of the Shining One.
  7981 | D:7      | Noticed Crazy Yiuf
  7988 | D:7      | Killed Crazy Yiuf
  8253 | D:8      | Got a pitted long sword
  8534 | D:8      | Reached XP level 10. HP: 57/83 MP: 10/10
  8771 | D:8      | Reached skill level 4 in Armour
  8773 | D:8      | Reached skill level 6 in Fighting
  8960 | D:8      | Identified the +6 long sword of Luem {freeze, -Tele +Inv MR+ Str+8} (You found it on level 8 of the Dungeon)
  9292 | D:8      | Reached skill level 12 in Axes
  9390 | D:8      | Found a staircase to the Lair.
  9847 | D:9      | Received a gift from Trog
  9890 | D:9      | Noticed a three-headed hydra
  9964 | Lair:1   | Entered Level 1 of the Lair of Beasts
 10106 | Lair:1   | Reached skill level 7 in Fighting
 10187 | Lair:1   | Reached skill level 5 in Armour
 10965 | Lair:2   | Found a blossoming altar of Fedhas.
 11074 | Lair:2   | Reached XP level 11. HP: 94/94 MP: 3/11
 11207 | Lair:2   | Noticed Fannar
 11221 | Lair:2   | Killed Fannar
 11221 | Lair:2   | Reached skill level 8 in Fighting
 11441 | Lair:2   | Reached skill level 6 in Armour
 11443 | Lair:2   | Noticed a queen ant
 11462 | Lair:2   | Killed a queen ant
 11746 | Lair:2   | Reached skill level 13 in Axes
 11999 | Lair:2   | Reached skill level 9 in Fighting
 12245 | Lair:3   | Noticed Nergalle
 12254 | Lair:3   | Killed Nergalle
 12254 | Lair:3   | Reached skill level 7 in Armour
 12432 | Lair:3   | Reached XP level 12. HP: 106/106 MP: 4/12
 12573 | Lair:3   | Received a gift from Trog
 12725 | Lair:3   | Found a hole to the Spider Nest.
 13235 | Spider:1 | Entered Level 1 of the Spider Nest
 13235 | Spider:1 | Noticed an emperor scorpion
 13281 | Lair:4   | Reached skill level 10 in Fighting
 13348 | Lair:4   | Found a labyrinth entrance.
 13428 | Lab      | Entered a labyrinth
 14268 | Lab      | Got a faintly glowing short sword
 14411 | Lab      | Noticed a minotaur
 14418 | Lab      | HP: 5/159 [minotaur] (4)]
 14419 | Lab      | HP: 2/159 [minotaur] (4)]
 14419 | Lab      | Identified a +2 rod of clouds (7/13)
 14419 | Lab      | Annihilated by a minotaur

Vault maps used:
D:1:      mrwooster_arrival_statue_3, serial_bayou_lake_a
D:2:      kennysheep_generic_room_16, uniq_sigmund
D:3:      minmay_goblin_kobold_castle
D:4:      first_bread
D:5:      minmay_temple_entry_nine_rooms, minmay_misc_feat_cross
D:6:      uniq_edmund
D:7:      lemuel_round_altar, uniq_crazy_yiuf_cottage
D:8:      erik_lair_island
D:9:      hangedman_ranch, disabler_island
Lair:2:   basic_altar, zaba_antful_of_joy, uniq_fannar
Lair:3:   spider_nest_entry_funnel_web, uniq_nergalle
Lair:4:   lab_entry_generic, st_stairs_5, grunt_megastairs_4
Lab:      labyrinth_spiral, nicolae_lab_t_cross

Action                   |  1- 3 |  4- 6 |  7- 9 | 10-12 || total
-------------------------+-------+-------+-------+-------++-------
Melee: Hand axe          |   117 |   113 |    76 |       ||   306
       War axe           |       |       |   422 |    59 ||   481
       Battleaxe         |       |       |       |   486 ||   486
Invok: Berserk           |     2 |     4 |    14 |    15 ||    35
       Trog's Hand       |       |       |       |     3 ||     3
Evoke: Wand              |       |       |       |    10 ||    10
  Use: Scroll            |     1 |     8 |    12 |     6 ||    27
       Potion            |       |     1 |       |       ||     1
  Eat: Chunk             |     2 |     8 |    14 |    21 ||    45
       Beef jerky        |       |       |     2 |     1 ||     3
       Pizza             |       |       |     1 |     1 ||     2
       Bread ration      |       |       |     3 |     3 ||     6
